APL (24 & UNDER)
BEAVERTON BRONZE SOULS @ PENSACOLA PILOTS
09/05/2028
 
TOP OF THE 1ST
Beaverton Bronze Souls batting - Pitching for Pensacola Pilots : LHP Mas Fogo
Pitching: LHP Mas Fogo
Batting: LHB Chris White 0-0: SINGLE (Line Drive, 34D)
Batting: LHB Arlen Powers 0-0: Ball
1-0: Foul Ball, location: 2F
1-1: Foul Ball, location: 2F
1-2: Foul Ball, location: 2F
1-2: Ball
2-2: Fielders Choice at 2nd, 4-6 (Groundball, 4)
Batting: RHB Pedro Rivera 0-0: Ball
1-0: Grounds into double play, 6-4-3 (Groundball, 6)
Top of the 1st over - 0 run(s), 1 hit(s), 0 error(s), 0 left on base; Beaverton 0 - Pensacola 0
BOTTOM OF THE 1ST
Pensacola Pilots batting - Pitching for Beaverton Bronze Souls : RHP Pepe Torres
Pitching: RHP Pepe Torres
Batting: RHB Brandon Townsley 0-0: Foul Ball, location: 2F
0-1: Ball
1-1: Ground out U3 (Groundball, 3S)
Batting: RHB Tony Pulla 0-0: Ball
1-0: Called Strike
1-1: Ball
2-1: Ball
3-1: Base on Balls
Batting: RHB Aaron Grizzle 0-0: Ball
Tony Pulla steals 2nd base
1-0: Foul Ball, location: 2F
1-1: Ball
2-1: Swinging Strike
2-2: Foul Ball, location: 2F
2-2: Foul Ball, location: 2F
2-2: Strikes out swinging
Batting: SHB Ángel González 0-0: DOUBLE (Groundball, 3L)
Tony Pulla scores
Batting: SHB Hang-ki Yue 0-0: Fly out, F8 (Flyball, 78S)
Bottom of the 1st over - 1 run(s), 1 hit(s), 0 error(s), 1 left on base; Beaverton 0 - Pensacola 1
TOP OF THE 2ND
Beaverton Bronze Souls batting - Pitching for Pensacola Pilots : LHP Mas Fogo
Batting: RHB Michael Fisher 0-0: Called Strike
0-1: Ground out 5-3 (Groundball, 5S)
Batting: RHB Ed Nygaard 0-0: Foul Ball, location: 2F
0-1: Ball
1-1: Ball
2-1: Swinging Strike
2-2: Foul Ball, location: 2F
2-2: Ground out 4-3 (Groundball, 4)
Batting: RHB Salvador Castro 0-0: Fly out, F5 (Popup, 5L)
Top of the 2nd over - 0 run(s), 0 hit(s), 0 error(s), 0 left on base; Beaverton 0 - Pensacola 1
BOTTOM OF THE 2ND
Pensacola Pilots batting - Pitching for Beaverton Bronze Souls : RHP Pepe Torres
Batting: RHB Juan Jose López 0-0: Bunted foul
0-1: Foul Ball, location: 2F
0-2: Ground out 5-3 (Groundball, 5L)
Batting: RHB John Hall 0-0: Ball
1-0: Ball
2-0: Called Strike
2-1: Ball
3-1: Called Strike
3-2: SINGLE (Groundball, 3D)
Batting: RHB Juan González 0-0: Ball
1-0: Foul Ball, location: 2F
1-1: DOUBLE (Flyball, 78M)
John Hall to third
Batting: RHB Albert Morán 0-0: Called Strike
0-1: Ball
1-1: Swinging Strike
1-2: Ball
2-2: Foul Ball, location: 2F
2-2: Strikes out looking
Batting: RHB Brandon Townsley 0-0: Swinging Strike
0-1: Swinging Strike
0-2: Foul Ball, location: 2F
0-2: Ball
1-2: Foul Ball, location: 2F
1-2: Strikes out swinging
Bottom of the 2nd over - 0 run(s), 2 hit(s), 0 error(s), 2 left on base; Beaverton 0 - Pensacola 1
TOP OF THE 3RD
Beaverton Bronze Souls batting - Pitching for Pensacola Pilots : LHP Mas Fogo
Batting: RHB José Fernández 0-0: Ball
1-0: Called Strike
1-1: Ball
2-1: Foul Ball, location: 2F
2-2: Ball
3-2: Base on Balls
Batting: LHB Cade Brown 0-0: Ball
1-0: Ball
2-0: Called Strike
2-1: Ground out U3 (Groundball, 3)
José Fernández to second
Batting: RHB Howard Reed 0-0: Ball
1-0: Ball
2-0: Called Strike
2-1: Ball
3-1: Foul Ball, location: 2F
3-2: Foul Ball, location: 2F
3-2: Base on Balls
Batting: LHB Chris White 0-0: Ball
Wild Pitch!
José Fernández to third
Howard Reed to second
1-0: Fly out, F7 (Flyball, 7)
Runner from 3rd tags up, SCORES, no throw
Batting: LHB Arlen Powers 0-0: Called Strike
0-1: Ball
1-1: Ball
2-1: Foul Ball, location: 2F
2-2: Ball
3-2: Foul Ball, location: 2F
3-2: Foul Ball, location: 2F
3-2: Fly out, F9 (Flyball, 9LM)
Top of the 3rd over - 1 run(s), 0 hit(s), 0 error(s), 1 left on base; Beaverton 1 - Pensacola 1
BOTTOM OF THE 3RD
Pensacola Pilots batting - Pitching for Beaverton Bronze Souls : RHP Pepe Torres
Batting: RHB Tony Pulla 0-0: Ball
1-0: Ball
2-0: Ground out 6-3 (Groundball, 6M)
Batting: RHB Aaron Grizzle 0-0: Ball
1-0: Foul Ball, location: 2F
1-1: DOUBLE (Line Drive, 78XD)
Batting: SHB Ángel González 0-0: Ball
1-0: Called Strike
1-1: Fly out, F8 (Flyball, 8LS)
Batting: SHB Hang-ki Yue 0-0: Ball
1-0: Ball
2-0: Called Strike
2-1: Ball
3-1: Base on Balls
Batting: RHB Juan Jose López 0-0: Foul Ball, location: 2F
0-1: Fly out, F8 (Flyball, 8RM)
Bottom of the 3rd over - 0 run(s), 1 hit(s), 0 error(s), 2 left on base; Beaverton 1 - Pensacola 1
TOP OF THE 4TH
Beaverton Bronze Souls batting - Pitching for Pensacola Pilots : LHP Mas Fogo
Batting: RHB Pedro Rivera 0-0: Ball
1-0: Swinging Strike
1-1: Foul Ball, location: 2F
1-2: Strikes out swinging
Batting: RHB Michael Fisher 0-0: Ball
1-0: Ball
2-0: Called Strike
2-1: Called Strike
2-2: Ball
3-2: Foul Ball, location: 2F
3-2: Foul Ball, location: 2F
3-2: Base on Balls
Batting: RHB Ed Nygaard 0-0: Ball
1-0: Called Strike
Michael Fisher is caught stealing 2nd base
1-1: Ball
2-1: Ball
3-1: Foul Ball, location: 2F
3-2: Ground out 5-3 (Groundball, 5L)
Top of the 4th over - 0 run(s), 0 hit(s), 0 error(s), 0 left on base; Beaverton 1 - Pensacola 1
BOTTOM OF THE 4TH
Pensacola Pilots batting - Pitching for Beaverton Bronze Souls : RHP Pepe Torres
Batting: RHB John Hall 0-0: Ball
1-0: Called Strike
1-1: Ball
2-1: Foul Ball, location: 2F
2-2: Ball
3-2: Base on Balls
Batting: RHB Juan González 0-0: Ball
1-0: Grounds into double play, 6-4-3 (Groundball, 6)
Batting: RHB Albert Morán 0-0: Called Strike
0-1: Foul Ball, location: 2F
0-2: Foul Ball, location: 2F
0-2: Ball
1-2: Ball
2-2: Fly out, F8 (Flyball, 8RS)
Bottom of the 4th over - 0 run(s), 0 hit(s), 0 error(s), 0 left on base; Beaverton 1 - Pensacola 1
TOP OF THE 5TH
Beaverton Bronze Souls batting - Pitching for Pensacola Pilots : LHP Mas Fogo
Batting: RHB Salvador Castro 0-0: Ball
1-0: Ball
2-0: Ball
3-0: Foul Ball, location: 2F
3-1: Base on Balls
Batting: RHB José Fernández 0-0: Ball
1-0: Ground out 5-3 (Groundball, 56S)
Salvador Castro to second
Batting: LHB Cade Brown 0-0: Called Strike
0-1: Ground out U3 (Groundball, 3L)
Salvador Castro to third
Batting: RHB Howard Reed 0-0: Ball
1-0: SINGLE (Groundball, 3D)
Salvador Castro scores
Batting: LHB Chris White 0-0: Called Strike
0-1: Ball
1-1: Ball
2-1: Ball
3-1: Fly out, F4 (Line Drive, 4)
Top of the 5th over - 1 run(s), 1 hit(s), 0 error(s), 1 left on base; Beaverton 2 - Pensacola 1
BOTTOM OF THE 5TH
Pensacola Pilots batting - Pitching for Beaverton Bronze Souls : RHP Pepe Torres
Batting: RHB Brandon Townsley 0-0: Called Strike
0-1: Ball
1-1: Swinging Strike
1-2: Ground out 4-3 (Groundball, 4)
Batting: RHB Tony Pulla 0-0: Swinging Strike
0-1: Foul Ball, location: 2F
0-2: Fly out, F8 (Line Drive, 8LM)
Batting: RHB Aaron Grizzle 0-0: Ball
1-0: Called Strike
1-1: Fly out, F3 (Line Drive, 3)
Bottom of the 5th over - 0 run(s), 0 hit(s), 0 error(s), 0 left on base; Beaverton 2 - Pensacola 1
TOP OF THE 6TH
Beaverton Bronze Souls batting - Pitching for Pensacola Pilots : LHP Mas Fogo
Batting: LHB Arlen Powers 0-0: Called Strike
0-1: Called Strike
0-2: Ball
1-2: Ball
2-2: Foul Ball, location: 2F
2-2: Strikes out swinging
Pitching: RHP Manuel Cadenas
Batting: RHB Pedro Rivera 0-0: Ball
1-0: Foul Ball, location: 2F
1-1: Swinging Strike
1-2: Strikes out swinging
Batting: RHB Michael Fisher 0-0: Ball
1-0: Called Strike
1-1: Ball
2-1: Ground out 6-3 (Groundball, 6)
Top of the 6th over - 0 run(s), 0 hit(s), 0 error(s), 0 left on base; Beaverton 2 - Pensacola 1
BOTTOM OF THE 6TH
Pensacola Pilots batting - Pitching for Beaverton Bronze Souls : RHP Pepe Torres
Batting: SHB Ángel González 0-0: Ball
1-0: Ball
2-0: Ball
3-0: Base on Balls
Pitching: RHP Arturo García
Batting: SHB Hang-ki Yue 0-0: Called Strike
0-1: Foul Ball, location: 2F
0-2: Ball
1-2: SINGLE (Groundball, 4MD)
Ángel González to second
Runner from 2nd tries for 3rd, SAFE, throw made to third
Batting: RHB Juan Jose López 0-0: Ball
1-0: Ball
2-0: Called Strike
2-1: Swinging Strike
2-2: Ball
3-2: Strikes out looking
Batting: RHB John Hall 0-0: Ball
1-0: Foul Ball, location: 2F
1-1: Foul Ball, location: 2F
1-2: Ball
2-2: Fly out, F5 (Line Drive, 56)
Batting: RHB Juan González 0-0: Ball
1-0: Fly out, F8 (Flyball, 8LM)
Bottom of the 6th over - 0 run(s), 1 hit(s), 0 error(s), 2 left on base; Beaverton 2 - Pensacola 1
TOP OF THE 7TH
Beaverton Bronze Souls batting - Pitching for Pensacola Pilots : RHP Manuel Cadenas
Batting: RHB Ed Nygaard 0-0: Ball
1-0: Called Strike
1-1: Fly out, F7 (Flyball, 7S)
Batting: RHB Salvador Castro 0-0: Ball
1-0: Ball
2-0: Called Strike
2-1: Ground out 6-3 (Groundball, 6)
Batting: RHB José Fernández 0-0: Fly out, F4 (Popup, 4)
Top of the 7th over - 0 run(s), 0 hit(s), 0 error(s), 0 left on base; Beaverton 2 - Pensacola 1
BOTTOM OF THE 7TH
Pensacola Pilots batting - Pitching for Beaverton Bronze Souls : RHP Arturo García
Batting: RHB Albert Morán 0-0: Ball
1-0: Foul Ball, location: 2F
1-1: Foul Ball, location: 2F
1-2: Ball
2-2: Ball
3-2: Base on Balls
Pinch Hitting: RHB Julian Lee 0-0: Called Strike
0-1: Sac Bunt - play at first, batter OUT! 2-4
Albert Morán to second
Batting: RHB Tony Pulla 0-0: Ball
1-0: Called Strike
1-1: Ball
2-1: Ground out 4-3 (Groundball, 4M)
Albert Morán to third
Batting: RHB Aaron Grizzle 0-0: Ground out 5-3 (Groundball, 56)
Bottom of the 7th over - 0 run(s), 0 hit(s), 0 error(s), 1 left on base; Beaverton 2 - Pensacola 1
TOP OF THE 8TH
Beaverton Bronze Souls batting - Pitching for Pensacola Pilots : RHP Manuel Cadenas
Now in LF: Julian Lee
Batting: LHB Cade Brown 0-0: Ball
1-0: SINGLE (Groundball, 34D)
Batting: RHB Howard Reed 0-0: Bunted foul
0-1: Sac Bunt - play at second, runner OUT -> throw to first, DP!
Batting: LHB Chris White 0-0: Ball
1-0: Ball
2-0: Ground out U3 (Groundball, 34)
Top of the 8th over - 0 run(s), 1 hit(s), 0 error(s), 0 left on base; Beaverton 2 - Pensacola 1
BOTTOM OF THE 8TH
Pensacola Pilots batting - Pitching for Beaverton Bronze Souls : RHP Arturo García
Pitching: LHP Lorenzo Guzmán
Batting: SHB Ángel González 0-0: Ball
1-0: Ball
2-0: Foul Ball, location: 2F
2-1: Swinging Strike
2-2: Foul Ball, location: 2F
2-2: Fly out, F9 (Flyball, 9S)
Batting: SHB Hang-ki Yue 0-0: SINGLE (Line Drive, 4MD)
Pitching: RHP Arlen Wright
Pinch Hitting: RHB Jesús Sánchez 0-0: Ball
1-0: Foul Ball, location: 2F
1-1: Grounds into double play, 6-4-3 (Groundball, 6)
Bottom of the 8th over - 0 run(s), 1 hit(s), 0 error(s), 0 left on base; Beaverton 2 - Pensacola 1
TOP OF THE 9TH
Beaverton Bronze Souls batting - Pitching for Pensacola Pilots : RHP Manuel Cadenas
Pitching: RHP David Hood
Now at SS: José Herrera
Batting: LHB Arlen Powers 0-0: Swinging Strike
0-1: Fly out, F8 (Flyball, 8LM)
Batting: RHB Pedro Rivera 0-0: Called Strike
0-1: Ball
1-1: Swinging Strike
1-2: Ball
2-2: Fly out, F9 (Flyball, 9LM)
Batting: RHB Michael Fisher 0-0: Called Strike
0-1: Ball
1-1: Ball
2-1: Ground out 5-3 (Groundball, 56)
Top of the 9th over - 0 run(s), 0 hit(s), 0 error(s), 0 left on base; Beaverton 2 - Pensacola 1
BOTTOM OF THE 9TH
Pensacola Pilots batting - Pitching for Beaverton Bronze Souls : RHP Arlen Wright
Pitching: LHP Gabriel Rodríguez
Pinch Hitting: RHB Jonny Lord 0-0: Swinging Strike
0-1: Ball
1-1: Foul Ball, location: 2F
1-2: Strikes out swinging
Pinch Hitting: RHB Alfonso Sánchez 0-0: Ball
1-0: Ball
2-0: Called Strike
2-1: Foul Ball, location: 2F
2-2: Ball
3-2: Ground out U3 (Groundball, 34S)
Batting: RHB Albert Morán 0-0: Ball
1-0: Ball
2-0: Ball
3-0: Base on Balls
Batting: RHB Julian Lee 0-0: Called Strike
0-1: Ball
1-1: Ball
2-1: Ball
3-1: Fielders Choice at 2nd, 6-4 (Groundball, 6)
Bottom of the 9th over - 0 run(s), 0 hit(s), 0 error(s), 0 left on base; Beaverton 2 - Pensacola 1
Tuesday, August 8th, 2017 - OOTP Baseball 17.12 Build 75